 Dungeon Crawl Stone Soup version 0.15.2 (webtiles) character file.

10718400 TittyCrusher the Centaur Arbalest (level 27, 169/169 (177) HPs)
             Began as a Centaur Fighter on Sept 19, 2015.
             Was the Champion of Ashenzari.
             Escaped with the Orb
             ... and 15 runes on Sept 26, 2015!
             The game lasted 13:42:33 (154286 turns).

TittyCrusher the Centaur Arbalest (CeFi)          Turns: 154286, Time: 13:42:33

HP 169/169 (177) AC 66     Str 36      XL: 27
MP  11/34        EV 21     Int  7      God: Ashenzari [******]
Gold 5459        SH  0     Dex 14 (16) Spells: 14 memorised,  6 levels left

rFire  + . .     SeeInvis +     a - +9 triple crossbow (holy)
rCold  + + .     Clarity  +     V - +9 armour of the Dragon King {rPois rF+ rC+ MR+}
rNeg   + + .     rCorr    .     (no shield)
rPois  +         rRot     .     W - +0 helmet of Modesty {rC+ Int+2 Stlth+}
rElec  +         Spirit   .     Y - +2 cloak {MR+} (curse)
SustAb .         Warding  +     J - +2 pair of gloves {Dex+3} (curse)
rMut   .         Stasis   .     P - +4 centaur barding {Stlth+} (curse)
Gourm  .                        A - cursed brooch of Shielding {Ward rN+ AC+4 EV+4}
MR     ++++.                    B - cursed ring "Bachyps" {rN+ Str+5 Int+3}
                                h - cursed ring of Clih {+Inv rElec AC+5}

@: mighty, agile, about to teleport, controlling teleports, shrouded, flying,
heavily contaminated, starving, hasted, glowing, deflect missiles, drained, very
quick, incredibly resistant to hostile enchantments, extremely unstealthy
A: hooves 3, iridescent scales 1, berserk 3, blurry vision 2, clumsy 2, deformed
body, deterioration 2, dopey 2, speed 2, frail 3, low mp 2, screaming 3, slow
healing 2, tough skin 3, weak 2
a: Scrying, Transfer Knowledge, Renounce Religion
0: Orb of Zot
}: 15/15 runes: serpentine, barnacled, slimy, silver, golden, iron, obsidian,
icy, bone, abyssal, demonic, glowing, magical, fiery, dark


You escaped.
You worshipped Ashenzari.
Ashenzari was exalted by your worship.
You were starving.

You visited 18 branches of the dungeon, and saw 97 of its levels.
You visited Pandemonium 5 times, and saw 27 of its levels.
You visited the Abyss 9 times.
You visited 1 Ziggurat, and saw 17 of its levels.
You also visited: Labyrinth, Trove, Sewer, Bailey and Ice Cave.

You collected 15320 gold pieces.
You spent 9861 gold pieces at shops.

Inventory:

Hand weapons
 a - a +9 triple crossbow of holy wrath (weapon)
 i - a +9 vampiric bardiche
 l - the +4 Staff of Dispater
   (You took it off Dispater on level 7 of the Iron City of Dis)
 Z - the +7 Sceptre of Asmodeus
   (You took it off Asmodeus on level 7 of Gehenna)
Missiles
 f - 96 bolts of frost
 k - 112 bolts of flame (quivered)
 m - 25 steel bolts
 n - 39 bolts of penetration
 r - 150 poisoned bolts
 u - 59 bolts
Armour
 J - a cursed +2 pair of gloves of dexterity (worn)
 P - a cursed +4 centaur barding of stealth (worn)
 V - the cursed +9 armour of the Dragon King (worn) {rPois rF+ rC+ MR+}
   (You took it off Wiglaf on level 3 of the Depths)

   It protects you from fire.
   It protects you from cold.
   It protects you from poison.
   It affects your resistance to hostile enchantments.
   It has a curse placed upon it.
 W - the cursed +0 helmet of Modesty (worn) {rC+ Int+2 Stlth+}
   (You found it on level 3 of the Crypt)

   It affects your intelligence (+2).
   It protects you from cold.
   It makes you more stealthy.
   It has a curse placed upon it.
 Y - a cursed +2 cloak of magic resistance (worn)
Magical devices
 x - a wand of teleportation (5)
 F - a wand of heal wounds (4)
Comestibles
 d - 18 bread rations
Scrolls
 e - 3 scrolls of summoning
 o - 5 scrolls of holy word
 q - 2 scrolls of magic mapping
 s - 19 scrolls of teleportation
 t - 3 scrolls of curse weapon
 y - 7 scrolls of fear
 G - 43 scrolls of identify
 I - 3 scrolls of remove curse
 K - 10 scrolls of fog
 L - 3 scrolls of vulnerability
 M - 3 scrolls of curse armour
 S - 3 scrolls of blinking
Jewellery
 h - the cursed ring of Clih (left hand) {+Inv rElec AC+5}
   (You found it on level 8 of a ziggurat)

   [ring of protection]

   It affects your AC (+5).
   It insulates you from electricity.
   It lets you turn invisible.
   It has a curse placed upon it.
 j - an uncursed amulet of resist mutation
 A - the cursed brooch of Shielding (around neck) {Ward rN+ AC+4 EV+4}
   (You found it on level 11 of a ziggurat)

   [amulet of warding]

   It may prevent the melee attacks of summoned creatures.
   It affects your AC (+4).
   It affects your evasion (+4).
   It protects you from negative energy.
   It has a curse placed upon it.
 B - the cursed ring "Bachyps" (right hand) {rN+ Str+5 Int+3}
   (You found it on level 15 of a ziggurat)

   [ring of positive energy]

   It affects your strength (+5).
   It affects your intelligence (+3).
   It protects you from negative energy.
   It has a curse placed upon it.
 H - an uncursed ring of positive energy
 U - the ring "Stollefa" {rPois rF+ rN+ Slay+5}
   (You found it on level 5 of the Shoals)

   [ring of poison resistance]

   It affects your accuracy and damage with ranged weapons and melee attacks
   (+5).
   It protects you from fire.
   It protects you from poison.
   It protects you from negative energy.
Potions
 v - a potion of might
 w - 6 potions of haste
 z - 9 potions of agility
 C - a potion of magic
 D - 13 potions of heal wounds
 E - 4 potions of curing
 N - 9 potions of restore abilities
 T - 10 potions of cancellation
Magical staves
 b - an uncursed staff of wizardry
Miscellaneous
 c - a stone of tremors
 g - a phial of floods
 O - a disc of storms
 Q - an ornate deck of defence {the Elixir}
 R - a lamp of fire
 X - a fan of gales
Rods
 p - a +5 rod of ignition (12/12)
   (You found it in Pandemonium)


   Skills:
 + Level 21.6(21.3) Fighting
 - Level 21.1(20.7) Polearms
 O Level 27(26.6) Crossbows
 + Level 19.8(24.2) Armour
 + Level 19.4(19.1) Dodging
   Level 2.1(1.9) Shields
 - Level 15.8(15.5) Spellcasting
 - Level 11.6(15.5) Conjurations
 - Level 4.1(8.1) Hexes
 - Level 16.4(19.9) Charms
 - Level 4.6(8.8) Summonings
 - Level 11.1(15.0) Translocations
 - Level 11.6(15.5) Ice Magic
 - Level 11.0(14.9) Air Magic
 - Level 13.0(16.8) Evocations


You had 6 spell levels left.
You knew the following spells:

 Your Spells              Type           Power        Failure   Level  Hunger
a - Apportation           Tloc           ####......   1%          1    None
b - Summon Butterflies    Summ           ###.....     1%          1    None
c - Blink                 Tloc           N/A          1%          2    None
d - Haste                 Chrm           ####....     2%          6    #######
e - Portal Projectile     Tloc           ####..       1%          3    ##.....
f - Shroud of Golubria    Chrm/Tloc      ####......   1%          2    None
g - Deflect Missiles      Chrm/Air       ####......   10%         6    #######
h - Call Imp              Summ           ###.....     2%          2    None
i - Summon Mana Viper     Hex/Summ       ###.....     63%         5    #####..
j - Dispersal             Tloc           ####......   24%         6    #######
k - Freezing Cloud        Conj/Ice/Air   ####......   21%         6    #######
l - Passage of Golubria   Tloc           N/A          1%          4    ####...
m - Control Teleport      Chrm/Tloc      ####......   1%          4    ####...
n - Flight                Chrm/Air       ####......   1%          3    ##.....


Dungeon Overview and Level Annotations

Branches:
Dungeon (15/15)            Temple (1/1) D:6             Orc (4/4) D:10
    Elf (3/3) Orc:3          Lair (8/8) D:8          Shoals (5/5) Lair:5
  Snake (5/5) Lair:6        Slime (6/6) Lair:7       Vaults (5/5) D:13
  Crypt (3/3) Vaults:3       Tomb (3/3) Crypt:3      Depths (5/5) D:15
   Hell (1/1)                 Dis (7/7) Hell            Geh (7/7) Hell
    Coc (7/7) Hell            Tar (7/7) Hell            Zot (5/5) Depths:5

Altars:
Ashenzari
Dithmenos
Elyvilon
Fedhas
Kikubaaqudgha
Makhleb
Okawaru
Qazlal
Sif Muna
Trog
Xom
Yredelemnul
Zin
The Shining One

Shops:
D:6 [   D:10 [   Orc:2 *   Orc:4 (%[[   Elf:1 [   Elf:2 *   Shoals:2 }
Vaults:1 [   Vaults:3 [   Vaults:5 }?!!!?%!!}[?%   Depths:1 (

Portals:
Hell: Depths:1 Depths:2 Depths:3 Depths:4
Abyss: Depths:1 Depths:4 Depths:5
Pandemonium: Depths:3
Ziggurat: Depths:5

Annotations:
Orc:3 exclusions: redback and 2 more exclusions
Shoals:5 2 exclusions
Snake:2 exclusion: downstairs
Snake:4 2 exclusions, Asterion, Nikola
Vaults:3 exclusion: door
Crypt:1 Sojobo
Tomb:3 Khufu
Depths:2 exclusions: spectral thing and 2 more exclusions


Innate Abilities, Weirdness & Mutations

You have hooves in place of feet.
Armour fits poorly on your strangely shaped body.
You cover ground very quickly.
You have extremely tough skin (AC +3).
You are partially covered in iridescent scales (AC +4).
You have an uncontrollable temper.
Your vision is quite blurry.
You are very clumsy. (Dex -4)
Your body is deteriorating.
You are very dopey. (Int -4)
You are extremely frail (-30% HP).
Your magical capacity is very low (-20% MP).
You frequently scream uncontrollably at your foes.
You do not heal naturally when monsters are visible.
You are very weak. (Str -4)


Message History

You don't have the energy to cast that spell.
There is a staircase leading out of the dungeon here.
Read which item? (? for menu, Esc to quit)
Okay, then.
Drink which item? (? for menu, Esc to quit)
You feel very mighty all of a sudden.
Drink which item? (? for menu, Esc to quit)
You feel agile all of a sudden.
Read which item? (? for menu, Esc to quit)
As you read the scroll of teleportation, it crumbles to dust.
You feel strangely unstable.
You feel your translocation being delayed.
You feel the orb delaying this translocation!
You offer a prayer to Ashenzari.
Ashenzari is exalted by your worship.
You offer a prayer to Ashenzari.
Ashenzari is exalted by your worship.
You offer a prayer to Ashenzari.
Ashenzari is exalted by your worship.
You have escaped!

..####....# #.......###.##.#
.%...#...#####..########.##.#
##.....####..#...........##.#
............(...............#
##.#...##..............####.###
#..###.........##.≈≈≈.##......#
..## ####......##♣≈≈≈♣##......#
.### #....#.###≈≈≈###......#
.%.## ####.#.#@##≈##.#.{....#
.#..#### #...#..'≈...#...%..#
###.>..# ###..#.##≈##.#......#
######.####....###♣≈♣###......#
##...#......##.##≈≈≈≈P##......#
##...##..########.≈≈).##......#
##...#...#######.......#......###
#.......................>.....##.
.......###########.#.####.###....


There were no monsters in sight!

Vanquished Creatures
  Antaeus (Coc:7)
  Asmodeus (Geh:7)
  Cerebov (Pan)
  the royal jelly (Slime:6)
  Ereshkigal (Tar:7)
  Gloorx Vloq (Pan)
  Mnoleg (Pan)
  Lom Lobon (Pan)
  Dispater (Dis:7)
  3 ancient liches
  5 orbs of fire the Serpent of Hell (Coc:7)
  7 pandemonium lords
  31 greater mummies
  Saint Roka (Depths:2)
  4 curse toes
  A seraph (Pan)
  Norris (Depths:2)
  3 Killer Klowns
  Mennas (Vaults:3)
  Geryon (Hell)
  10 golden dragons
  Jory (Vaults:5)
  2 electric golems
  11 Brimstone Fiends
  9 bone dragons
  A pearl dragon (Pan)
  11 Hell Sentinels
  A hellephant (Hell)
  9 liches
  Vashnia (Snake:2)
  A quicksilver dragon (Zig:14)
  16 titans
  3 deep elf blademasters
  17 tentacled monstrosities
  12 Ice Fiends
  19 acid blobs
  15 Orb Guardians (Zot:5)
  Murray (Hell)
  6 deep elf master archers
  13 Shadow Fiends
  27 tentacled starspawn
  22 Executioners
  A kraken (Shoals:3)
  14 sphinxes
  21 storm dragons
  Rupert (Elf:1)
  Agnes (Depths:3)
  Kirke (Snake:1)
  11 ancient champions
  8 daevas (Pan)
  11 greater nagas
  12 shadow dragons
  A revenant (Crypt:3)
  6 tengu reavers
  Roxanne (Elf:1)
  2 draconian monks
  10 azure jellies
  Ilsuiw (Shoals:3)
  Donald (Shoals:5)
  7 deep elf sorcerers
  Wiglaf (Depths:3)
  A frost giant (shapeshifter) (Depths:3)
  16 vault wardens
  15 fire giants
  4 draconian scorchers
  An iron dragon (shapeshifter) (Depths:3)
  21 balrugs
  12 frost giants
  Aizul (Snake:1)
  17 ghost moths
  10 warmongers (Pan)
  3 draconian knights
  13 war gargoyles
  4 draconian zealots
  7 iron dragons
  4 emperor scorpions
  A ghost moth (shapeshifter) (Zig:6)
  Gastronok (Lair:3)
  12 cacodemons
  11 ophanim
  4 ghouls (Crypt:3)
  32 reapers
  26 angels
  Jorgrun (Crypt:2)
  13 stone giants
  17 very ugly things
  6 draconian annihilators
  2 spriggan defenders (Depths:4)
  5 blood saints (Pan)
  7 green draconians
  12 deep elf demonologists
  A curse skull (Crypt:3)
  A corrupter (Pan)
  A draconian caller (Zot:1)
  2 grey draconians
  2 green draconians (shapeshifter) (Depths:3)
  3 chaos champions
  5 salamander firebrands
  6 lorocyprocas
  23 apis (Pan)
  A mottled draconian (shapeshifter) (Depths:3)
  6 vampire knights
  3 white draconians
  A purple draconian (Zot:4)
  15 deep elf annihilators
  A dire elephant (shapeshifter) (Depths:3)
  3 red draconians
  5 pale draconians
  5 yellow draconians
  2 black draconians
  4 mottled draconians
  10 deep elf death magi
  5 dire elephants
  An eidolon (Crypt:2)
  14 blizzard demons
  Snorg (Orc:1)
  7 death oozes
  12 merfolk impalers
  An unborn (Tomb:1)
  A minotaur (Lab)
  9 merfolk javelineers
  11 green deaths
  17 fire dragons
  11 crystal guardians (Depths:3)
  10 jiangshi
  16 ironheart preservers
  21 mummy priests
  2 quicksilver dragon zombies
  9 ettins
  41 vault guards
  5 deep elf high priests
  20 yaktaur captains
  22 ice dragons
  An ice dragon (shapeshifter) (Depths:3)
  8 death cobs
  14 great orbs of eyes
  7 hydras
  11 naga warriors
  The ghost of thelaststarmaker the Nimble, a powerful DsDK of Yredelemnul (IceCv)
  4 quicksilver dragon skeletons
  14 rakshasas
  7 monstrous demonspawn (Pan)
  15 ogre magi
  A shambling mangrove (Abyss:1)
  13 centaur warriors
  3 sirens
  An anaconda (shapeshifter) (Zig:6)
  Erica (Orc:4)
  4 ghost crabs
  20 ravenous item mimics
  3 alligator snapping turtles
  2 death knights
  The ghost of Zeimah the Reanimator, a powerful DsNe of Nemelex Xobeh (D:13)
  A siren (shapeshifter) (Zig:6)
  4 deep troll earth magi
  A satyr (Shoals:3)
  A tengu warrior (D:13)
  19 death yaks
  10 merfolk aquamancers
  7 spriggan berserkers
  10 anacondas
  4 hell hogs (Abyss:1)
  5 orc high priests (Orc:4)
  8 vampire magi
  9 deep troll shamans
  19 dancing weapons
  11 thrashing horrors
  4 titan zombies
  Urug (D:10)
  18 naga sharpshooters
  14 soul eaters
  3 spriggans
  4 iron golems
  10 shock serpents
  18 sun demons
  Nergalle (Lair:4)
  5 hell knights
  4 storm dragon zombies
  13 wretched stars
  8 iron trolls
  4 giant orange brains
  18 deep elf knights
  A catoblepas (D:13)
  41 skeletal warriors
  3 salamander mystics
  19 ice devils
  A death drake (shapeshifter) (Depths:3)
  A fire crab (shapeshifter) (Depths:3)
  4 anaconda zombies
  A death drake (Tar:7)
  12 shadow wraiths
  3 spatial maelstroms
  Erolcha (Orc:4)
  2 kraken simulacra (Hell)
  9 ball lightnings
  3 storm dragon skeletons
  A golden dragon zombie (Coc:7)
  5 infernal demonspawn (Pan)
  13 cherubim (Pan)
  19 deep trolls
  16 unseen horrors
  19 orc knights
  14 sea snakes
  52 starcursed masses
  10 flayed ghosts
  A swamp dragon (shapeshifter) (D:15)
  4 shadow demons
  5 gelid demonspawn (Pan)
  8 orb spiders
  3 ice statues
  12 naga ritualists
  50 large abominations
  4 torturous demonspawn (Pan)
  4 silver statues
  Pikel (D:6)
  17 harpies
  A lindwurm (Lair:8)
  6 putrid demonspawn (Pan)
  10 hill giants
  A spectral wolf spider (Abyss:1)
  8 necromancers
  3 shadow dragon zombies
  A golden dragon skeleton (Crypt:2)
  22 ironbrand convokers
  13 deep elf summoners
  4 iron dragon zombies
  15 mana vipers
  4 harpies (shapeshifter)
  21 deep elf conjurers
  3 anaconda skeletons
  4 orc sorcerers
  2 shadow dragon skeletons
  11 manticores
  80 ugly things
  A wolf spider zombie (Coc:7)
  7 cyclopes
  2 fauns (shapeshifter) (Depths:3)
  A fire giant zombie (Dis:7)
  14 wolf spiders
  2 frost giant zombies
  19 phantasmal warriors
  8 oklob plants
  10 worldbinders
  A tengu skeleton (Vaults:3)
  2 hill giants (shapeshifter) (Depths:3)
  9 shining eyes
  17 red wasps
  18 hellions
  9 wizards
  4 guardian serpents (shapeshifter)
  21 fauns
  26 griffons
  9 hell beasts
  A water nymph (shapeshifter) (Depths:3)
  3 fire giant skeletons
  A spectral ettin (Zig:6)
  3 stone giant zombies
  2 manticores (shapeshifter)
  An octopode (shapeshifter) (Depths:3)
  14 salamanders
  An elephant (shapeshifter) (Depths:3)
  13 water nymphs
  24 sixfirhies
  A moth of wrath (shapeshifter) (Depths:3)
  48 small abominations
  A dire elephant zombie (Coc:7)
  4 stone giant skeletons
  17 vault sentinels
  21 mermaids
  A mermaid (shapeshifter) (Vaults:5)
  4 frost giant skeletons
  9 guardian serpents
  3 elf zombies (Elf:3)
  5 elephants
  35 naga magi
  An eye of devastation (shapeshifter) (Depths:3)
  19 moths of wrath
  22 orange demons
  45 black mambas
  4 apocalypse crabs (Abyss:1)
  7 molten gargoyles
  46 smoke demons
  4 gargoyles
  4 eyes of devastation
  2 torpor snails (shapeshifter) (Vaults:5)
  A black mamba (shapeshifter) (Abyss:1)
  5 torpor snails
  A spectral swamp worm (Depths:2)
  A komodo dragon (shapeshifter) (Zig:11)
  11 spiny frogs
  A storm dragon simulacrum (Crypt:2)
  19 demonic crawlers
  A spiny frog (shapeshifter) (Depths:2)
  A purple draconian zombie (Crypt:2)
  21 tormentors
  5 anaconda simulacra (IceCv)
  2 kobold demonologists (Vaults:2)
  20 iron devils
  12 komodo dragons
  15 fire drakes
  2 ghost moth simulacra
  An elf (shapeshifter) (Depths:2)
  An efreet (Pan)
  46 guardian mummies
  46 yaktaurs
  3 golden dragon simulacra (IceCv)
  A queen bee (Lair:7)
  3 tengu conjurers
  2 yaktaur skeletons
  11 ancient zymes
  2 queen bees (shapeshifter)
  24 red devils
  A silent spectre (Tar:7)
  28 deep elf priests
  5 fire vortices (Depths:3)
  A harpy zombie (Coc:7)
  6 wind drakes
  22 freezing wraiths
  A giant leech (shapeshifter) (Depths:3)
  7 hydra zombies
  44 merfolk
  3 giant leeches (Lair:8)
  35 hellwings
  16 blue devils
  Sonja (D:11)
  7 polar bears (Lair:8)
  A troll (shapeshifter) (Depths:4)
  An iron dragon simulacrum (Crypt:1)
  8 trolls
  Prince Ribbit (D:4)
  A sphinx simulacrum (Vaults:2)
  30 raiju
  An alligator zombie (Coc:7)
  5 bog bodies
  6 ravens
  108 slime creatures
  2 harpy skeletons
  4 hydra skeletons
  A guardian serpent zombie (Crypt:2)
  33 two-headed ogres
  A raven (shapeshifter) (Depths:3)
  7 boulder beetles
  2 frost giant simulacra
  A spriggan zombie (Zig:9)
  8 trapdoor spiders
  2 ettin zombies
  A wandering mushroom (Abyss:1)
  15 blink frogs
  14 jumping spiders
  A fire giant simulacrum (Crypt:1)
  A stone giant simulacrum (Crypt:3)
  An ice dragon zombie (Abyss:1)
  7 human skeletons
  2 fire dragon skeletons (Crypt:1)
  40 flying skulls
  14 shadows
  7 vampires
  10 air elementals
  A basilisk (D:13)
  2 ice dragon skeletons
  19 snapping turtles
  18 wraiths
  A griffon skeleton (D:13)
  36 ynoxinuls
  67 yaks
  A yak (shapeshifter) (Abyss:1)
  4 ettin skeletons
  2 humans
  3 dire elephant simulacra (IceCv)
  10 fire elementals
  8 redbacks
  A redback (shapeshifter) (Zig:6)
  3 wyverns
  19 water elementals
  3 hungry ghosts
  10 tarantellas
  35 deep elf magi
  A golden eye (shapeshifter) (Abyss:1)
  10 vampire mosquitoes
  A black mamba skeleton (Tar:7)
  41 deep elf fighters
  Grum (D:12)
  A steam dragon (D:13)
  28 neqoxecs
  2 hogs (shapeshifter)
  16 hippogriffs
  57 nagas
  A hill giant skeleton (D:11)
  17 hogs
  5 hydra simulacra (IceCv)
  2 spatial vortices (Abyss:3)
  20 wolves
  13 wargs
  A mottled dragon (shapeshifter) (Depths:3)
  2 tengu zombies
  2 harpy simulacra (IceCv)
  A soldier ant (D:14)
  Menkaure (D:5)
  An iron troll simulacrum (IceCv)
  A spiny frog zombie (Crypt:2)
  41 water moccasins
  A catoblepas simulacrum (Crypt:1)
  66 orc warriors
  5 sky beasts
  15 hell hounds
  13 chaos spawn
  4 phantoms
  5 yellow wasps
  A merfolk skeleton (Coc:7)
  15 porcupines
  A spiny frog skeleton (Abyss:3)
  A mottled dragon (D:14)
  6 necrophages
  2 spiders (Zig:12)
  4 slaves (D:6)
  A monstrous demonspawn skeleton (Crypt:2)
  7 ice beasts
  A snapping turtle zombie (Crypt:1)
  A black bear (shapeshifter) (Vaults:4)
  A boggart (shapeshifter) (Depths:3)
  A boring beetle (shapeshifter) (Vaults:2)
  9 boggarts (Depths:4)
  An elephant zombie (Crypt:3)
  A mermaid zombie (Crypt:2)
  7 black bears
  67 ogres
  A blink frog skeleton (Crypt:2)
  3 boring beetles
  2 swamp dragon skeletons
  2 alligator simulacra
  14 crocodiles
  3 snapping turtle skeletons
  28 centaurs
  26 giant frogs
  Sigmund (D:2)
  3 lost souls
  An octopode zombie (Crypt:1)
  7 big kobolds
  A fire crab zombie (Crypt:1)
  10 brain worms
  Blork the orc (D:4)
  5 insubstantial wisps (Depths:3)
  11 earth elementals (Depths:3)
  A wyvern zombie (D:7)
  An ogre simulacrum (Vaults:1)
  9 scorpions
  2 cyclops skeletons
  3 eyes of draining (shapeshifter)
  2 boulder beetle zombies
  28 wights
  2 eyes of draining
  30 killer bees
  A troll zombie (D:12)
  8 electric eels
  A hippogriff skeleton (D:7)
  17 crimson imps
  4 draconian simulacra (IceCv)
  7 goliath beetles
  13 quasits
  A centaur skeleton (D:11)
  15 jellies
  An orange rat (shapeshifter) (Abyss:1)
  Crazy Yiuf (D:3)
  A human zombie (Coc:7)
  47 orc priests
  24 hounds
  6 orange rats
  16 iron imps
  7 iguanas
  Natasha (thrice) (D:4)
  41 orc wizards
  A two-headed ogre skeleton (D:6)
  3 elf skeletons
  6 worker ants
  A lightning spire (Zig:13)
  A killer bee zombie (D:11)
  3 polar bear simulacra (IceCv)
  2 spriggan simulacra (IceCv)
  11 sheep
  3 troll simulacra (IceCv)
  Ijyb (D:3)
  Jessica (D:3)
  An ogre zombie (Tar:7)
  An ogre skeleton (D:8)
  A felid skeleton (Crypt:1)
  A human simulacrum (Abyss:1)
  35 mummies
  A necrophage skeleton (Crypt:3)
  3 worker ant zombies
  A hound skeleton (Crypt:1)
  2 naga simulacra (IceCv)
  2 orc zombies
  A steam dragon zombie (D:6)
  39 adders
  15 gnolls
  56 green rats
  9 shadow imps
  14 white imps
  20 worms
  A giant mite (D:5)
  A goliath beetle zombie (Crypt:2)
  26 ufetubi
  A lava snake skeleton (Crypt:2)
  A giant eyeball (Depths:5)
  3 giant geckos
  206 orcs
  19 bats
  14 giant cockroaches
  A gnoll zombie (D:5)
  22 hobgoblins
  22 jackals
  50 kobolds
  12 quokkas
  2 ball pythons
  A giant mite zombie (Crypt:3)
  12 giant newts
  2 giant spores
  A gnoll skeleton (Crypt:3)
  43 goblins
  A hobgoblin skeleton (Crypt:1)
  A jackal skeleton (D:4)
  A lava orc skeleton (Crypt:1)
  A lava orc zombie (Crypt:3)
  A quokka skeleton (Crypt:3)
  21 rats
  4 ballistomycetes (D:14)
  5 butterflies
  5 crawling corpses
  2 plants (Lair:8)
  22 starspawn tentacles
  5 tentacles
  2 tentacle segments (Shoals:3)
5154 creatures vanquished.

Vanquished Creatures (collateral kills)
  An orb of fire (Zot:5)
  Mara (Shoals:3)
  An electric golem (Zot:3)
  A titan (Depths:2)
  A greater naga (Zig:14)
  A vault warden (Vaults:1)
  An emperor scorpion (Zig:17)
  A very ugly thing (Abyss:1)
  An eidolon (Crypt:1)
  2 vault guards (Vaults:5)
  An ironheart preserver (Vaults:3)
  3 spriggan air magi
  A deep troll shaman (Vaults:4)
  An alligator snapping turtle (Zig:15)
  A shock serpent (Snake:1)
  2 hell knights (Geh:7)
  A shadow wraith (Vaults:3)
  5 orb spiders (Zig:17)
  2 naga ritualists
  A hill giant (Vaults:1)
  4 harpies
  A mana viper (Zig:14)
  2 manticores
  A wolf spider (Zig:17)
  A vault sentinel (Vaults:3)
  A black mamba (Snake:1)
  A centaur zombie (D:14)
  A yaktaur (Vaults:4)
  A naga mage (Zig:14)
  A demonic crawler (Zig:17)
  3 merfolk (Shoals:5)
  2 jumping spiders (Zig:17)
  A fire elemental (Vaults:1)
  A wind drake (Zig:15)
  A raiju (Abyss:1)
  A snapping turtle (Zig:15)
  3 flying skulls (Dis:4)
  A tarantella (Zig:17)
  An ettin skeleton (Abyss:1)
  An air elemental (Crypt:1)
  A redback (Zig:17)
  A water elemental (Shoals:3)
  A swamp worm (shapeshifter) (Depths:3)
  2 nagas (Zig:14)
  3 wights (D:14)
  An iron imp (Hell)
  A kobold (Bailey)
68 creatures vanquished.

Vanquished Creatures (others)
  A tengu reaver (Vaults:4)
  A fire giant (Depths:2)
  A vault warden (Vaults:3)
  A rakshasa (Pan)
  A vault guard (Vaults:3)
  An ogre mage (Vaults:3)
  An orb spider (Zig:12)
  A ball lightning (Depths:3)
  A deep elf knight (Elf:2)
  A deep troll (Depths:4)
  A wolf spider (Zig:17)
  A moth of wrath (Zig:17)
  2 vault sentinels (Vaults:3)
  A mana viper (Depths:2)
  An apocalypse crab (Zig:6)
  A demonic crawler (Zig:17)
  2 jumping spiders
  10 air elementals
  28 fire elementals
  A deep elf mage (D:13)
  A raiju (Depths:3)
  9 redbacks
  12 trapdoor spiders
  20 water elementals
  A tarantella (Zig:17)
  3 deep elf fighters
  2 hell beasts (Hell)
  2 small abominations (Abyss:1)
  A water moccasin (Zig:14)
  7 spiders
  7 earth elementals
  A lost soul (Elf:3)
  A killer bee (Lair:7)
  A quasit (Zig:10)
  A crimson imp (Tomb:1)
  A wight (Crypt:1)
  2 mummies (Tomb:2)
  4 giant mites (Crypt:1)
  An orc (Orc:4)
  2 lurking horrors
  73 butterflies
  11 plants
  45 starspawn tentacles
  321 starspawn tentacle segments
  14 tentacles
  194 tentacle segments
795 creatures vanquished.

Grand Total: 6017 creatures vanquished

Notes
Turn   | Place    | Note
--------------------------------------------------------------
     0 | D:1      | TittyCrusher, the Centaur Fighter, began the quest for the Orb.
     0 | D:1      | Reached XP level 1. HP: 19/19 MP: 1/1
    73 | D:1      | Reached XP level 2. HP: 21/26 MP: 2/2
   478 | D:1      | Reached XP level 3. HP: 31/31 MP: 3/3
   690 | D:2      | Noticed Sigmund
   703 | D:2      | Killed Sigmund
   703 | D:2      | Reached skill level 4 in Polearms
   703 | D:2      | Reached XP level 4. HP: 28/38 MP: 3/3
   788 | D:2      | Reached XP level 5. HP: 43/45 MP: 4/4
   817 | D:2      | Reached skill level 5 in Polearms
  1487 | D:3      | Noticed Jessica
  1511 | D:3      | Killed Jessica
  1585 | D:3      | Noticed Ijyb
  1612 | D:3      | Killed Ijyb
  1612 | D:3      | Reached XP level 6. HP: 41/51 MP: 5/5
  1891 | D:3      | Reached skill level 6 in Polearms
  2040 | D:3      | Noticed Crazy Yiuf
  2072 | D:3      | Killed Crazy Yiuf
  2287 | D:4      | Found a deep blue altar of Sif Muna.
  2288 | D:4      | Found a glowing silver altar of Zin.
  2289 | D:4      | Found a shattered altar of Ashenzari.
  2289 | D:4      | Noticed Prince Ribbit
  2303 | D:4      | Killed Prince Ribbit
  2303 | D:4      | Reached skill level 7 in Polearms
  2303 | D:4      | Reached XP level 7. HP: 44/57 MP: 5/5
  2314 | D:4      | Found a stormy altar of Qazlal.
  2314 | D:4      | Found an ancient bone altar of Kikubaaqudgha.
  2315 | D:4      | Found a bloodstained altar of Trog.
  2322 | D:4      | Became a worshipper of Ashenzari the Shackled
  2378 | D:4      | Noticed Blork the orc
  2402 | D:4      | Killed Blork the orc
  2711 | D:4      | Noticed Natasha
  2720 | D:4      | Killed Natasha
  2790 | D:4      | Found an iron altar of Okawaru.
  2799 | D:4      | Reached skill level 8 in Polearms
  2912 | D:4      | Noticed Natasha
  2923 | D:4      | Killed Natasha
  2998 | D:4      | Noticed Natasha
  3005 | D:4      | Killed Natasha
  3047 | D:5      | Entered Level 5 of the Dungeon
  3064 | D:5      | Found a glowing drain.
  3092 | Sewer    | Entered a sewer
  3524 | D:5      | Reached XP level 8. HP: 44/63 MP: 6/6
  3536 | D:5      | Noticed Menkaure
  3553 | D:5      | Killed Menkaure
  3553 | D:5      | Reached skill level 9 in Polearms
  4321 | D:6      | Noticed Pikel
  4328 | D:6      | Killed Pikel
  4328 | D:6      | Reached skill level 10 in Polearms
  4555 | D:6      | Reached XP level 9. HP: 69/69 MP: 7/7
  4620 | D:6      | Found a staircase to the Ecumenical Temple.
  4631 | D:6      | Reached skill level 11 in Polearms
  4663 | D:6      | Found Ixafaggih's Antique Armour Shop.
  4678 | D:6      | Bought a glowing leather armour for 68 gold pieces
  5119 | D:6      | Noticed a hill giant
  5178 | D:6      | Killed a hill giant
  5178 | D:6      | Reached skill level 12 in Polearms
  6556 | D:7      | Reached XP level 10. HP: 75/77 MP: 7/7
  6567 | D:7      | Reached skill level 13 in Polearms
  6880 | D:8      | Found a staircase to the Lair.
  7181 | D:8      | Noticed a hill giant
  7225 | D:8      | Killed a hill giant
  7624 | D:8      | Reached skill level 14 in Polearms
  8973 | D:9      | Acquired Ashenzari's first power
  9316 | D:10     | Entered Level 10 of the Dungeon
  9430 | D:10     | Reached XP level 11. HP: 82/82 MP: 8/8
  9457 | D:10     | Reached skill level 15 in Polearms
  9618 | D:10     | Noticed a hill giant
  9656 | D:10     | Killed a hill giant
 10015 | D:10     | Found Ghiyt's Specialty Armours.
 10038 | D:10     | Bought a +1 centaur barding of stealth for 490 gold pieces
 10509 | D:10     | Reached skill level 1 in Evocations
 10577 | D:10     | Found a staircase to the Orcish Mines.
 10625 | D:10     | Gained mutation: Your vision is a little blurry. [mutagenic meat]
 10626 | D:10     | Gained mutation: You are partially covered in icy blue scales (AC +1). [mutagenic meat]
 10627 | D:10     | Gained mutation: You are clumsy. (Dex -2) [mutagenic meat]
 10648 | Orc:1    | Entered Level 1 of the Orcish Mines
 10768 | Orc:1    | Found a flagged portal.
 10799 | Bailey   | Entered a bailey
 11286 | Bailey   | Reached skill level 5 in Evocations
 12208 | Orc:1    | Acquired Ashenzari's second power
 12321 | Orc:2    | Noticed Snorg
 12372 | Orc:1    | Killed Snorg
 12823 | Orc:3    | Found a staircase to the Elven Halls.
 13685 | Orc:2    | Found Lihiakh's General Store.
 13702 | Orc:2    | Bought a potion of resistance for 77 gold pieces
 13949 | Orc:4    | Entered Level 4 of the Orcish Mines
 14249 | Orc:4    | Noticed Erolcha
 14334 | Orc:4    | Killed Erolcha
 14383 | Orc:3    | Reached skill level 16 in Polearms
 14383 | Orc:3    | Reached XP level 12. HP: 70/89 MP: 20/20
 14921 | Orc:4    | Noticed Erica
 14943 | Orc:4    | Killed Erica
 15801 | Orc:4    | Noticed an orc high priest
 16741 | Orc:4    | Killed an orc high priest
 16929 | Orc:4    | Reached skill level 17 in Polearms
 16936 | Orc:4    | Noticed an orc high priest
 16940 | Orc:4    | Killed an orc high priest
 17405 | Orc:4    | Noticed an orc high priest
 17475 | Orc:4    | Killed an orc high priest
 17539 | Orc:4    | Noticed an orc high priest
 17563 | Orc:4    | Killed an orc high priest
 17585 | Orc:4    | Noticed an orc high priest
 17597 | Orc:4    | Killed an orc high priest
 17605 | Orc:4    | Found Ploinupn's Antique Weapon Boutique.
 17605 | Orc:4    | Found Jaiss' Armour Shop.
 17606 | Orc:4    | Found Fometz's Antique Armour Boutique.
 17606 | Orc:4    | Found Klyatt's Food Boutique.
 17617 | Orc:4    | Bought a pair of warped gloves for 266 gold pieces
 17619 | Orc:4    | Bought an embroidered cloak for 126 gold pieces
 17906 | Lair:1   | Entered Level 1 of the Lair of Beasts
 17906 | Lair:1   | Noticed a seven-headed hydra
 17907 | Lair:1   | Noticed a mottled draconian
 17907 | Lair:1   | a seven-headed hydra changed into a mottled draconian
 17913 | Lair:1   | Killed a mottled draconian
 17913 | Lair:1   | Reached skill level 1 in Dodging
 18138 | Lair:1   | Reached XP level 13. HP: 94/94 MP: 21/21
 18293 | Lair:1   | Acquired Ashenzari's third power
 19687 | Lair:2   | Reached skill level 5 in Dodging
 20843 | Lair:3   | Noticed Gastronok
 20853 | Lair:3   | Killed Gastronok
 21292 | Lair:3   | Found a glowing silver altar of Zin.
 21768 | Lair:4   | Noticed Nergalle
 21777 | Lair:4   | Killed Nergalle
 21811 | Lair:4   | Identified the -3 chain mail of the Orcish Mines {MR+ Curse}
 21921 | Lair:4   | Acquired Ashenzari's fourth power
 22076 | Lair:4   | Reached skill level 18 in Polearms
 22903 | Lair:5   | Found a staircase to the Shoals.
 23097 | Lair:5   | Reached XP level 14. HP: 81/104 MP: 22/22
 23728 | Lair:6   | Found a staircase to the Snake Pit.
 23783 | Lair:6   | Identified the +6 cutlass of Resourcefulness {slice, Int+3 SInv}
 24352 | Lair:6   | Identified the +1 dagger "Criek" {venom, rC+ Int+2}
 24724 | Lair:7   | Reached skill level 5 in Fighting
 25308 | Lair:7   | Found a staircase to the Slime Pits.
 25751 | Lair:8   | Entered Level 8 of the Lair of Beasts
 26443 | Lair:8   | Reached skill level 5 in Armour
 28587 | Lair:8   | Reached XP level 15. HP: 112/118 MP: 23/23
 29896 | D:11     | Noticed Sonja
 29903 | D:11     | Killed Sonja
 30124 | D:12     | Noticed Grum
 30143 | D:12     | Killed Grum
 31033 | D:13     | Reached skill level 1 in Crossbows
 31309 | D:13     | Identified a scroll of acquirement
 31512 | D:13     | Found a gate to the Vaults.
 31540 | D:13     | Reached skill level 5 in Crossbows
 32325 | Orc:4    | Bought a bloodstained steam dragon armour for 1260 gold pieces
 32325 | Orc:4    | Identified the cursed -1 steam dragon armour of Pnudelo {Dex+3 Int+3} (You bought it in a shop on level 4 of the Orcish Mines)
 32547 | D:13     | Noticed Zeimah's ghost (powerful DsNe)
 32569 | D:13     | Killed Zeimah's ghost
 32972 | D:14     | Found a labyrinth entrance.
 32978 | Lab      | Entered a labyrinth
 33378 | Lab      | Learned a level 1 spell: Apportation
 33380 | Lab      | Learned a level 1 spell: Summon Butterflies
 33383 | Lab      | Learned a level 2 spell: Blink
 33385 | Lab      | Identified a +6 rod of striking (12/12) (You found it in a labyrinth)
 33464 | D:14     | Reached skill level 1 in Spellcasting
 34385 | D:15     | Entered Level 15 of the Dungeon
 35153 | D:15     | Gained mutation: Your mind is acute. (Int +2) [mutagenic meat]
 35154 | D:15     | Lost mutation: You are clumsy. (Dex -2) [mutagenic meat]
 35155 | D:15     | Gained mutation: Space occasionally distorts in your vicinity. [mutagenic meat]
 35243 | D:15     | Reached skill level 5 in Spellcasting
 35271 | D:15     | Reached XP level 16. HP: 79/127 MP: 25/25
 35298 | D:15     | Found a shadowy altar of Dithmenos.
 36406 | D:15     | Found a staircase to the Depths.
 37063 | Snake:1  | Entered Level 1 of the Snake Pit
 37085 | Snake:1  | Lost mutation: Your vision is a little blurry. [potion of cure mutation]
 37085 | Snake:1  | Lost mutation: Your mind is acute. (Int +2) [potion of cure mutation]
 37085 | Snake:1  | Lost mutation: Space occasionally distorts in your vicinity. [potion of cure mutation]
 37086 | Snake:1  | Gained mutation: You can translocate small distances at will. [potion of beneficial mutation]
 37726 | Snake:1  | Reached skill level 10 in Crossbows
 37975 | Snake:1  | Noticed Aizul
 38007 | Snake:1  | Killed Aizul
 38181 | Snake:1  | Noticed Kirke
 38731 | Snake:1  | Killed Kirke
 39001 | Snake:2  | Noticed Vashnia
 39055 | Snake:2  | Killed Vashnia
 40337 | Snake:4  | Reached skill level 15 in Crossbows
 40339 | Snake:4  | Reduced skill Polearms to level 17
 40531 | Snake:4  | Reached XP level 17. HP: 125/134 MP: 28/28
 40724 | Snake:4  | Noticed Asterion
 41483 | Snake:4  | Noticed Nikola
 41688 | Snake:5  | Entered Level 5 of the Snake Pit
 41713 | Snake:5  | Found a frozen archway.
 41729 | IceCv    | Entered an ice cave
 42329 | IceCv    | Identified a ring of the Octopus King {AC+1 EV+1 Str+1 Dex+1 Int+1 Stlth+}
 42543 | IceCv    | Noticed thelaststarmaker's ghost (powerful DsDK)
 42591 | IceCv    | Killed thelaststarmaker's ghost
 42690 | IceCv    | Noticed an Ice Fiend
 42703 | IceCv    | Killed an Ice Fiend
 42703 | IceCv    | Reached skill level 18 in Crossbows
 44068 | D:10     | Noticed Urug
 44074 | D:10     | Killed Urug
 44167 | Orc:2    | Bought a scroll of immolation for 38 gold pieces
 44167 | Orc:2    | Bought the +3 robe of Clouds {+Fly rElec} for 349 gold pieces
 45306 | Snake:5  | HP: 6/134 [poisoned by a greater naga (poison arrow)]
 45313 | Snake:5  | HP: 6/134 [poisoned by a greater naga (poison arrow)]
 45323 | Snake:5  | HP: 6/134 [poisoned by a greater naga (poison arrow)]
 45328 | Snake:5  | HP: 6/134 [poisoned by a greater naga (poison arrow)]
 45670 | Snake:5  | Reached skill level 19 in Crossbows
 45853 | Snake:5  | Reduced skill Polearms to level 15
 46060 | Snake:5  | Got a serpentine rune of Zot
 46142 | Snake:5  | Reached skill level 10 in Dodging
 46764 | Vaults:1 | Entered Level 1 of the Vaults
 46969 | Vaults:1 | Reached XP level 18. HP: 136/140 MP: 28/32
 47206 | Vaults:1 | Reached skill level 20 in Crossbows
 47957 | Vaults:1 | Found Junyed's Armour Emporium.
 47960 | Vaults:1 | Bought the +2 robe of the Accordion {rF++ Int+1 Slay+6} for 1062 gold pieces
 51074 | Vaults:1 | Reached skill level 21 in Crossbows
 51568 | Vaults:3 | Noticed Mennas
 51591 | Vaults:2 | Gained mutation: Your muscles are strong. (Str +2) [potion of mutation]
 51591 | Vaults:2 | Gained mutation: You have an increased reservoir of magic (+10% MP). [potion of mutation]
 51591 | Vaults:2 | Gained mutation: You evolve. [potion of mutation]
 51888 | Vaults:3 | Gained mutation: You are robust (+10% HP). [evolution]
 52330 | Vaults:3 | Reached XP level 19. HP: 139/161 MP: 35/35
 52720 | Vaults:3 | Found a staircase to the Crypt.
 53486 | Vaults:3 | Reached skill level 22 in Crossbows
 53599 | Vaults:3 | Cast into the Abyss (deep elf sorcerer)
 53648 | Vaults:3 | Escaped the Abyss
 53829 | Vaults:3 | Found Osot's Armour Shoppe.
 54307 | Vaults:3 | HP: 6/161 [Mennas/eudemon blade of holy wrath (15)]
 56733 | Vaults:4 | Reached skill level 10 in Spellcasting
 58035 | Vaults:4 | Gained mutation: Your mind is acute. (Int +2) [evolution]
 58035 | Vaults:4 | Lost mutation: You evolve. [end of evolution]
 58195 | Vaults:4 | Reached XP level 20. HP: 160/169 MP: 39/39
 59553 | Shoals:1 | Entered Level 1 of the Shoals
 60822 | Shoals:2 | Found Skatruri's Gadget Boutique.
 60834 | Shoals:2 | Bought a sack of spiders for 200 gold pieces
 61606 | Shoals:3 | Noticed Mara
 61611 | Shoals:3 | Noticed TittyCrusher's illusion
 61663 | Shoals:3 | Noticed TittyCrusher's illusion
 61744 | Shoals:3 | Noticed TittyCrusher's illusion
 62087 | Shoals:3 | Noticed TittyCrusher's illusion
 62170 | Shoals:3 | Killed Mara
 62470 | Shoals:3 | Gained mutation: Your mind is very acute. (Int +4) [potion of beneficial mutation]
 63594 | Shoals:3 | Noticed Ilsuiw
 63616 | Shoals:3 | Killed Ilsuiw
 63869 | Shoals:3 | Found a shattered altar of Ashenzari.
 64917 | Shoals:4 | Learned a level 3 spell: Teleport Other
 64921 | Shoals:4 | Learned a level 3 spell: Portal Projectile
 64943 | Shoals:4 | Got the cursed leather armour "Igaenaz" {Slay+3}
 65050 | Shoals:4 | Reached skill level 1 in Translocations
 65213 | Shoals:4 | Identified the ring of Psaxtar {Slay+2 Stlth-}
 65299 | Shoals:5 | Entered Level 5 of the Shoals
 66488 | Shoals:5 | Noticed Donald
 66529 | Shoals:5 | Killed Donald
 66909 | Shoals:5 | Identified the ring "Stollefa" {rPois rF+ rN+ Slay+5}
 67053 | Shoals:4 | Learned a level 2 spell: Shroud of Golubria
 67119 | Shoals:5 | Reached skill level 1 in Charms
 67143 | Shoals:5 | HP: 7/169 [merfolk/ tomahawk (11)]
 67898 | Shoals:5 | Identified the +9 mace "Wiuczoyg" {vamp, Str+2}
 68269 | Shoals:5 | Reached skill level 5 in Charms
 68314 | Shoals:5 | Reached XP level 21. HP: 15/176 MP: 11/41
 68649 | Shoals:5 | Got a barnacled rune of Zot
 68812 | Shoals:5 | Identified the +3 glaive of Amorality {distort, Contam +Blink rN+ Dex+2}
 69550 | Elf:1    | Entered Level 1 of the Elven Halls
 69613 | Elf:1    | Noticed Roxanne
 69790 | Elf:1    | Killed Roxanne
 69792 | Elf:1    | Identified Roxanne's Guide on the Mutagenic Rocks (You took it off Roxanne on level 1 of the Elven Halls)
 70204 | Elf:1    | Found Odon's Armour Boutique.
 70412 | Elf:1    | Noticed Rupert
 70424 | Elf:1    | Killed Rupert
 70620 | Elf:2    | Found Romuj's General Store.
 71292 | Elf:2    | Reached skill level 1 in Summonings
 71676 | Elf:3    | Entered Level 3 of the Elven Halls
 71685 | Elf:3    | Identified the cursed +1 arbalest "Goulala" {venom, rN+} (You acquired it on level 3 of the Elven Halls)
 72494 | Elf:3    | Identified a +3 rod of shadows (8/13) (You took it off a deep elf demonologist on level 3 of the Elven Halls)
 72962 | Elf:3    | Identified the +3 flail of Trial by Ordeal {crush, rF+} (You took it off a deep elf priest on level 3 of the Elven Halls)
 72999 | Elf:3    | Identified Iskenderun's Papyrus of Confrontation (You found it on level 3 of the Elven Halls)
 73043 | Elf:3    | Identified the Disquisition on Talismans and Weightlessness
 73056 | Elf:3    | Reached skill level 10 in Charms
 73082 | Elf:3    | Learned a level 6 spell: Haste
 73118 | Elf:3    | Identified the Tome of Shifting Clay
 73131 | Elf:3    | Learned a level 2 spell: Repel Missiles
 73148 | Elf:3    | Learned a level 2 spell: Call Imp
 73431 | Elf:3    | Identified the ring of Tulips {rC+ Str+2 Int+4} (You took it off a deep elf fighter on level 3 of the Elven Halls)
 74277 | Depths:1 | Entered Level 1 of the Depths
 74277 | Depths:1 | Found a one-way gate to the infinite horrors of the Abyss.
 74375 | Depths:1 | Found Lyhyp's Weapon Emporium.
 75068 | Depths:1 | Reached XP level 22. HP: 183/183 MP: 39/42
 75079 | Depths:1 | Found a gateway to Hell.
 75844 | Depths:2 | Noticed Saint Roka
 75861 | Depths:2 | Killed Saint Roka
 75864 | Depths:2 | Reached skill level 10 in Armour
 75992 | Depths:2 | Noticed Norris
 76003 | Depths:2 | Killed Norris
 76066 | Depths:2 | Identified Zetusch's Reference Book on Mutagenic Companions (You found it on level 2 of the Depths)
 76073 | Depths:2 | Learned a level 5 spell: Summon Mana Viper
 76215 | Depths:2 | Reached skill level 1 in Hexes
 76564 | Depths:2 | Identified the Catalogue of Virous Translocation
 76572 | Depths:2 | Learned a level 6 spell: Dispersal
 76574 | Depths:2 | Identified Sif Muna's Catalogue of Changing (You found it on level 2 of the Depths)
 76584 | Depths:2 | Learned a level 6 spell: Statue Form
 77212 | Depths:3 | Reached skill level 5 in Translocations
 78289 | Depths:3 | Noticed Wiglaf
 78353 | Depths:3 | Killed Wiglaf
 78915 | Depths:3 | Noticed Agnes
 78966 | Depths:3 | Killed Agnes
 79376 | Depths:1 | Identified the +5 ring mail of Rize Buiwn {rF++ Dex-1 Int+1} (You found it on level 1 of the Depths)
 79378 | Depths:1 | Identified the +0 ring mail of the Invisible Hand {+Inv +Fly rElec rPois Slay+1} (You found it on level 3 of the Elven Halls)
 79378 | Depths:1 | Identified the cursed -10 fire dragon armour "Miekliw" {rElec rF++ rC- Str+4} (You found it on level 3 of the Elven Halls)
 79378 | Depths:1 | Identified the cursed -6 leather armour "Igaenaz" {Slay+3} (You found it on level 4 of the Shoals)
 80224 | Depths:3 | Reached XP level 23. HP: 149/190 MP: 42/42
 80501 | Depths:3 | Learned a level 4 spell: Passage of Golubria
 80724 | Depths:3 | Found a one-way gate leading to the halls of Pandemonium.
 81042 | Depths:4 | Paralysed by a sphinx for 7 turns
 84675 | Depths:5 | Entered Level 5 of the Depths
 84768 | Depths:5 | Found a gateway to a ziggurat.
 85264 | Depths:5 | Paralysed by a vampire knight for 6 turns
 85279 | Depths:5 | Paralysed by a vampire knight for 6 turns
 85293 | Depths:5 | Paralysed by a vampire knight for 4 turns
 86024 | Depths:5 | Identified the +0 ring mail of the Storm King {Str-4 Int+2}
 86069 | Depths:5 | Reached XP level 24. HP: 144/199 MP: 36/44
 86100 | Depths:5 | Reached skill level 15 in Charms
 86587 | Depths:5 | Found a gate to the Realm of Zot.
 86808 | Depths:5 | Found a portal to a secret trove of treasure.
 87279 | Elf:1    | Bought the +18 shield of the gong {rElec rN+ MR+ EV-5} for 1264 gold pieces
 87750 | Depths:5 | You paid a toll of the shield of the gong to enter a treasure trove
 87751 | Trove    | Entered a treasure trove
 87761 | Trove    | Identified the cursed +5 triple crossbow of Trog's Righteous Fury {velocity, Str-3 Stlth++}
 87769 | Trove    | Identified the +5 trident of Ipuagaup {venom, +Rage}
 87814 | Trove    | Identified the +8 dagger "Tral" {flame, +Fly rC+}
 87820 | Trove    | Identified the +2 trident "Killer Klown's Foe" {holy, rElec MR++ SInv}
 88251 | Depths:1 | Reduced skill Polearms to level 10
 88265 | Depths:1 | Identified the cursed +0 pair of gloves "Toybistiso" {Dex-5 Int+4} (You bought it in a shop on level 4 of the Orcish Mines)
 88826 | Slime:1  | Entered Level 1 of the Pits of Slime
 88870 | Slime:1  | Reduced skill Polearms to level 10
 88871 | Slime:1  | Reduced skill Polearms to level 10
 89326 | Slime:5  | Paralysed by a great orb of eyes for 5 turns
 89642 | Slime:6  | Entered Level 6 of the Pits of Slime
 89685 | Slime:6  | Noticed the royal jelly
 89709 | Slime:6  | Killed the royal jelly
 89892 | Slime:6  | Identified the +5 whip of the Lamprey {antimagic, rC++}
 89902 | Slime:6  | Identified the +0 leather armour "Pluecw" {+Inv}
 89903 | Slime:6  | Identified the +7 falchion of the Exiled Ghosts {slice, +Blink rPois Str+2 Dex+3}
 90030 | Slime:6  | Identified a +1 rod of ignition (12/12)
 90083 | Slime:6  | Got a slimy rune of Zot
 90922 | Depths:4 | Reached skill level 10 in Fighting
 90973 | Zot:1    | Entered Level 1 of the Realm of Zot
 91088 | Zot:1    | Reached skill level 23 in Crossbows
 91878 | Elf:2    | Bought 15 bolts of frost for 120 gold pieces
 92659 | Vaults:3 | Killed Mennas
 93004 | D:13     | Reached XP level 25. HP: 217/217 MP: 44/44
 93239 | Elf:3    | Identified the cursed -10 fire dragon armour "Miekliw" {rElec rF++ rC- Str+4} (You found it on level 3 of the Elven Halls)
 93263 | Elf:3    | Learned a level 4 spell: Control Teleport
 94336 | Zot:1    | Lost mutation: Your muscles are strong. (Str +2) [a neqoxec]
 95761 | Zot:2    | Reached skill level 24 in Crossbows
 96556 | Zot:3    | Identified the +9 long sword "Orb Guardian's Curse" {vamp, +Blink Str+2 SInv}
 97047 | Zot:3    | Noticed an orb of fire
 97058 | Zot:3    | Killed an orb of fire
 97058 | Zot:3    | Reached skill level 25 in Crossbows
 97673 | Zot:3    | Learned a level 3 spell: Flight
 98409 | Zot:3    | Identified the +8 shortbow "Smuwniuxt" {flame, +Inv rPois}
 98550 | Zot:3    | Reached skill level 26 in Crossbows
 99006 | Zot:1    | Learned a level 6 spell: Deflect Missiles
 99083 | Zot:3    | Reached skill level 1 in Air Magic
 99214 | Zot:4    | Reached XP level 26. HP: 226/226 MP: 45/45
100408 | Zot:4    | Reached skill level 5 in Air Magic
100679 | Zot:5    | Entered Level 5 of the Realm of Zot
100679 | Zot:5    | Identified the +10 morningstar of the Median {crush, Int+3}
101051 | Zot:5    | Identified the ring of Fallacy {Str+2 Dex-4 Regen}
101325 | Zot:5    | Noticed an orb of fire
101330 | Zot:5    | Gained mutation: Space occasionally distorts in your vicinity. [an orb of fire]
101334 | Zot:5    | Killed an orb of fire
102210 | Temple   | Entered the Ecumenical Temple
102262 | Temple   | Fell from the grace of Ashenzari
102262 | Temple   | Became a worshipper of the Shining One
102640 | Crypt:1  | Entered Level 1 of the Crypt
103039 | Crypt:1  | Acquired the Shining One's first power
103194 | Crypt:1  | Noticed Sojobo
103805 | Crypt:1  | Acquired the Shining One's second power
105113 | Crypt:2  | Noticed Jorgrun
105120 | Crypt:2  | Killed Jorgrun
105408 | Crypt:3  | Entered Level 3 of the Crypt
106462 | Crypt:3  | Acquired the Shining One's third power
106570 | Crypt:3  | Found a staircase to the Tomb.
107228 | Crypt:3  | Reached skill level 27 in Crossbows
107839 | Crypt:3  | Acquired the Shining One's fourth power
108243 | Crypt:3  | Found an ancient bone altar of Kikubaaqudgha.
108246 | Crypt:3  | Found a basalt altar of Yredelemnul.
108262 | Crypt:3  | Got a distressingly furry helmet
108263 | Crypt:3  | Identified the +0 helmet of Modesty {rC+ Int+2 Stlth+} (You found it on level 3 of the Crypt)
108275 | Crypt:3  | Got a twitching iron ring
108275 | Crypt:3  | Got a heavily runed marble ring
108276 | Crypt:3  | Identified the ring of Twoixkis {rN+ Str-4 Dex+2} (You found it on level 3 of the Crypt)
108278 | Crypt:3  | Identified the ring of Mudicwiq {rC+ rN+ Str+2 Curse} (You found it on level 3 of the Crypt)
108343 | Crypt:3  | Identified the Reference Book on Necromancy (You found it on level 3 of the Crypt)
108907 | Depths:4 | Voluntarily entered the Abyss.
108922 | Abyss:1  | Found a shadowy altar of Dithmenos.
109107 | Abyss:1  | Reached XP level 27. HP: 228/234 MP: 45/45
109795 | Abyss:1  | Was placed under penance by the Shining One
109968 | Abyss:1  | Was forgiven by the Shining One
110008 | Abyss:1  | Reached skill level 15 in Polearms
110277 | Abyss:1  | Found a snail-covered altar of Cheibriados.
110516 | Depths:4 | Escaped the Abyss
111303 | Depths:1 | Voluntarily entered the Abyss.
111305 | Abyss:1  | Found a shadowy altar of Dithmenos.
111342 | Abyss:1  | Found a shadowy altar of Dithmenos.
111431 | Abyss:1  | Found a corrupted altar of Lugonu.
111694 | Abyss:1  | Found a shadowy altar of Dithmenos.
112446 | Depths:1 | Escaped the Abyss
112768 | Temple   | Identified a +8 triple crossbow of holy wrath (a +6 triple crossbow of flaming blessed by the Shining One)
114699 | Shoals:3 | Fell from the grace of the Shining One
114699 | Shoals:3 | Became a worshipper of Ashenzari the Shackled
114714 | Shoals:3 | Identified the cursed -6 leather armour "Igaenaz" {Slay+3} (You found it on level 4 of the Shoals)
114714 | Shoals:3 | Identified the +5 scale mail of Duac {SInv} (You found it on level 3 of the Crypt)
115753 | Depths:5 | Voluntarily entered the Abyss.
116324 | Abyss:1  | Found a corrupted altar of Lugonu.
117248 | Depths:5 | Escaped the Abyss
117537 | Depths:5 | Voluntarily entered the Abyss.
117538 | Abyss:1  | Found a corrupted altar of Lugonu.
117556 | Abyss:1  | Found a corrupted altar of Lugonu.
117611 | Abyss:1  | Found a corrupted altar of Lugonu.
117765 | Abyss:1  | Found a shimmering altar of Xom.
117882 | Abyss:1  | Found a corrupted altar of Lugonu.
117996 | Depths:5 | Escaped the Abyss
118130 | Depths:5 | Voluntarily entered the Abyss.
118130 | Abyss:1  | Found a corrupted altar of Lugonu.
118222 | Abyss:1  | Found a corrupted altar of Lugonu.
119175 | Abyss:1  | Identified the +6 plate armour "Fastagit" {rElec Str+3}
119178 | Abyss:1  | Noticed an ancient lich
119183 | Abyss:1  | Killed an ancient lich
119324 | Abyss:1  | Found a corrupted altar of Lugonu.
119552 | Abyss:3  | Found a corrupted altar of Lugonu.
119723 | Abyss:3  | Found a corrupted altar of Lugonu.
119941 | Abyss:3  | Found a stormy altar of Qazlal.
119971 | Abyss:3  | Found a corrupted altar of Lugonu.
119993 | Abyss:3  | Got an abyssal rune of Zot
120058 | Depths:5 | Escaped the Abyss
120260 | Depths:5 | Voluntarily entered the Abyss.
120899 | Depths:5 | Escaped the Abyss
121197 | Depths:5 | Voluntarily entered the Abyss.
121197 | Abyss:1  | Found a corrupted altar of Lugonu.
121253 | Depths:5 | Escaped the Abyss
121424 | Pan      | Entered Pandemonium
121425 | Pan      | Found an exit through the horrors of the Abyss.
121592 | Pan      | Lost mutation: You are robust (+10% HP). [a neqoxec]
121593 | Pan      | Gained mutation: You are clumsy. (Dex -2) [a neqoxec]
121759 | Pan      | Got a demonic rune of Zot
121806 | Pan      | Noticed Vocoqig the pandemonium lord
121841 | Pan      | Killed Vocoqig the pandemonium lord
122210 | Pan      | Noticed Pacw the pandemonium lord
122213 | Pan      | Killed Pacw the pandemonium lord
122386 | Depths:3 | Escaped Pandemonium
122521 | Pan      | Entered Pandemonium
122521 | Pan      | Found a gateway to a ziggurat.
122543 | Zig:1    | Entered Level 1 of a ziggurat
122586 | Zig:2    | Entered Level 2 of a ziggurat
122586 | Zig:2    | Identified the +8 chain mail of the Worm {rElec MR+ SInv}
122659 | Zig:3    | Entered Level 3 of a ziggurat
122659 | Zig:3    | Identified the ring "Ghanyrr" {rF+ Int+2}
122692 | Zig:4    | Entered Level 4 of a ziggurat
122692 | Zig:4    | Identified the ring "Kliupela" {Wiz Slay+5}
122771 | Zig:5    | Entered Level 5 of a ziggurat
122797 | Zig:5    | Gained mutation: You can spit poison. [mutagenic glow]
122906 | Zig:6    | Entered Level 6 of a ziggurat
122971 | Zig:6    | Gained mutation: Potions and wands are less effective at restoring your health. [mutagenic glow]
123314 | Zig:7    | Entered Level 7 of a ziggurat
123361 | Zig:7    | Identified the amulet "Pewuh" {Clar Int-2}
123458 | Zig:8    | Entered Level 8 of a ziggurat
123468 | Zig:8    | Noticed Grise the pandemonium lord
123475 | Zig:8    | Killed Grise the pandemonium lord
123496 | Zig:8    | Identified the ring of Clih {+Inv rElec AC+5}
123540 | Zig:8    | Learned a level 6 spell: Freezing Cloud
123733 | Zig:9    | Entered Level 9 of a ziggurat
123765 | Zig:9    | Reached skill level 1 in Conjurations
123765 | Zig:9    | Reached skill level 1 in Ice Magic
123851 | Zig:9    | Identified the amulet "Pefeev" {Ward rN+ Dex+2}
123888 | Zig:9    | Identified the Disquisition on Confrontation (You found it on level 9 of a ziggurat)
123924 | Zig:10   | Entered Level 10 of a ziggurat
124293 | Zig:11   | Entered Level 11 of a ziggurat
124748 | Zig:11   | Identified the +1 ring mail of Good Intentions {Str+3 Stlth+}
124825 | Zig:12   | Entered Level 12 of a ziggurat
124852 | Zig:12   | Reached skill level 10 in Evocations
124975 | Zig:12   | Identified the amulet of Kuadgh {rCorr Str+4 Dex+3}
125013 | Zig:12   | Lost mutation: You are partially covered in icy blue scales (AC +1). [potion of cure mutation]
125013 | Zig:12   | Lost mutation: You are clumsy. (Dex -2) [potion of cure mutation]
125013 | Zig:12   | Lost mutation: You have an increased reservoir of magic (+10% MP). [potion of cure mutation]
125013 | Zig:12   | Lost mutation: Space occasionally distorts in your vicinity. [potion of cure mutation]
125079 | Zig:13   | Entered Level 13 of a ziggurat
125103 | Zig:13   | Identified the +1 chain mail of Magic {rF++ Stlth++}
125248 | Zig:13   | Lost mutation: Your mind is very acute. (Int +4) [potion of cure mutation]
125248 | Zig:13   | Lost mutation: Your mind is acute. (Int +2) [potion of cure mutation]
125248 | Zig:13   | Lost mutation: You can spit poison. [potion of cure mutation]
125248 | Zig:13   | Lost mutation: Potions and wands are less effective at restoring your health. [potion of cure mutation]
125383 | Zig:14   | Entered Level 14 of a ziggurat
125621 | Zig:14   | Identified Grioppij's Collected Works on Dusty Combat Magic
125629 | Zig:14   | Identified Cerebov's Papyrus of Scorching Conjuration
125890 | Zig:15   | Entered Level 15 of a ziggurat
126243 | Zig:15   | Identified the ring "Bachyps" {rN+ Str+5 Int+3}
126244 | Zig:15   | Identified the +1 ring mail of Byoluhod {Int-2}
126245 | Zig:15   | Identified the +0 ring mail of Twin {rElec MR+}
126293 | Zig:16   | Entered Level 16 of a ziggurat
126349 | Zig:16   | Reached skill level 5 in Conjurations
126349 | Zig:16   | Reached skill level 5 in Ice Magic
126400 | Zig:16   | Identified the cursed -1 scale mail of the Snail {Stlth--}
126569 | Zig:16   | Identified the Guide on the Destructive Birds (You found it on level 16 of a ziggurat)
126581 | Zig:17   | Entered Level 17 of a ziggurat
126725 | Zig:17   | Identified the cursed +7 plate armour of the Vacuum {Int+4}
126786 | Zig:17   | Identified the +8 eveningstar of the Forsaken Ghosts {antimagic, Noisy +Blink rC++ Str-1} (You found it on level 17 of a ziggurat)
127282 | Pan      | Noticed Bumam the pandemonium lord
127288 | Pan      | Killed Bumam the pandemonium lord
127503 | Pan      | Found an exit through the horrors of the Abyss.
127536 | Pan      | Identified the cursed -2 chain mail of Fedhas' Anger {rPois rF+ Stlth+}
127625 | Pan      | Found an exit through the horrors of the Abyss.
127677 | Pan      | Noticed Uhetulun the pandemonium lord
127682 | Pan      | Killed Uhetulun the pandemonium lord
127771 | Depths:3 | Escaped Pandemonium
127862 | Pan      | Entered Pandemonium
127884 | Pan      | Found an exit through the horrors of the Abyss.
128530 | Pan      | Noticed Pnocui the pandemonium lord
128544 | Pan      | Killed Pnocui the pandemonium lord
128544 | Pan      | Reached skill level 10 in Conjurations
128544 | Pan      | Reached skill level 10 in Ice Magic
128885 | Pan      | Found an exit through the horrors of the Abyss.
129061 | Pan      | Reached skill level 10 in Air Magic
129395 | Depths:3 | Escaped Pandemonium
129400 | Pan      | Entered Pandemonium
129887 | Pan      | Gained mutation: You are good at translocating small distances at will. [mutagenic glow]
129900 | Pan      | Found an exit through the horrors of the Abyss.
130018 | Pan      | Gained mutation: Your magical capacity is low (-10% MP). [mutagenic glow]
130105 | Pan      | Entered the realm of Gloorx Vloq.
130190 | Pan      | Noticed Gloorx Vloq
130216 | Pan      | Gained mutation: You are clumsy. (Dex -2) [mutagenic glow]
130274 | Pan      | Killed Gloorx Vloq
130318 | Pan      | Got a dark rune of Zot
130751 | Pan      | Found an exit through the horrors of the Abyss.
130928 | Pan      | Noticed Cras the pandemonium lord
130960 | Pan      | Killed Cras the pandemonium lord
131041 | Pan      | Gained mutation: Your vision is a little blurry. [mutagenic glow]
131130 | Pan      | Entered the realm of Lom Lobon.
131138 | Pan      | Gained mutation: You occasionally shout uncontrollably at your foes. [mutagenic glow]
131200 | Pan      | Found an exit through the horrors of the Abyss.
131226 | Pan      | Gained mutation: You heal slowly when monsters are visible. [mutagenic glow]
131230 | Pan      | Lost mutation: You are clumsy. (Dex -2) [potion of cure mutation]
131230 | Pan      | Lost mutation: Your vision is a little blurry. [potion of cure mutation]
131230 | Pan      | Lost mutation: You are good at translocating small distances at will. [potion of cure mutation]
131230 | Pan      | Lost mutation: You heal slowly when monsters are visible. [potion of cure mutation]
131230 | Pan      | Lost mutation: Your magical capacity is low (-10% MP). [potion of cure mutation]
131230 | Pan      | Lost mutation: You occasionally shout uncontrollably at your foes. [potion of cure mutation]
131312 | Pan      | Gained mutation: Your magical capacity is low (-10% MP). [mutagenic glow]
131498 | Pan      | Reached skill level 15 in Spellcasting
131937 | Pan      | Noticed Lom Lobon
132095 | Pan      | Killed Lom Lobon
132162 | Pan      | Got a magical rune of Zot
132689 | Pan      | Gained mutation: Your magical capacity is very low (-20% MP). [mutagenic glow]
133167 | Pan      | Found a glowing silver altar of Zin.
135299 | Pan      | Reached skill level 15 in Armour
135336 | Pan      | Identified the cursed -2 leather armour of the Vaults {rF+ rN+ Dex-1} (You took it off a cherub in Pandemonium)
135355 | Pan      | Found a glowing golden altar of the Shining One.
135521 | Depths:3 | Escaped Pandemonium
135523 | Pan      | Entered the realm of Cerebov.
135523 | Pan      | Entered Pandemonium
135526 | Pan      | Found an exit through the horrors of the Abyss.
135743 | Pan      | Noticed Cerebov
135800 | Pan      | Killed Cerebov
135860 | Pan      | Gained mutation: You are frail (-10% HP). [mutagenic glow]
135873 | Pan      | Identified a +5 rod of ignition (12/12) (You found it in Pandemonium)
135877 | Pan      | Identified a +3 rod of ignition (10/10) (You found it in Pandemonium)
135891 | Pan      | Identified the cursed -1 scale mail of Impatience {Str+1 Dex+4}
135961 | Pan      | Identified the +2 scale mail of the Princeling {rPois Stlth++}
136007 | Pan      | Identified Prynoeshra's Almanac of Dark Secrets (You found it in Pandemonium)
136053 | Pan      | Got a fiery rune of Zot
136111 | Pan      | Identified the -7 ring mail "Fuatiume" {+Rage}
136119 | Pan      | Entered the realm of Mnoleg.
136130 | Pan      | Gained mutation: You are clumsy. (Dex -2) [a neqoxec]
136131 | Pan      | Gained mutation: Your magical capacity is extremely low (-30% MP). [a neqoxec]
136136 | Pan      | Gained mutation: You heal slowly when monsters are visible. [a neqoxec]
136156 | Pan      | Lost mutation: Your magical capacity is extremely low (-30% MP). [potion of cure mutation]
136156 | Pan      | Lost mutation: You are frail (-10% HP). [potion of cure mutation]
136156 | Pan      | Lost mutation: Your magical capacity is very low (-20% MP). [potion of cure mutation]
136156 | Pan      | Lost mutation: You are clumsy. (Dex -2) [potion of cure mutation]
136156 | Pan      | Lost mutation: Your magical capacity is low (-10% MP). [potion of cure mutation]
136206 | Pan      | Gained mutation: You are clumsy. (Dex -2) [a neqoxec]
136209 | Pan      | Gained mutation: Your body is slowly deteriorating. [a cacodemon]
136220 | Pan      | Noticed Mnoleg
136242 | Pan      | Killed Mnoleg
136255 | Pan      | Gained mutation: You are partially covered in iridescent scales (AC +4). [a neqoxec]
136307 | Pan      | Gained mutation: Your body is deteriorating. [mutagenic glow]
136311 | Pan      | Got a glowing rune of Zot
136418 | Depths:3 | Escaped Pandemonium
136986 | Vaults:5 | Entered Level 5 of the Vaults
137061 | Vaults:5 | Reached skill level 15 in Dodging
137162 | Vaults:5 | Found Coalos' Gadget Shoppe.
137163 | Vaults:5 | Noticed Jory
137178 | Vaults:5 | Killed Jory
137178 | Vaults:5 | Reached skill level 15 in Fighting
137402 | Vaults:5 | Found Efuutuf's Distillery.
137469 | Vaults:5 | Bought a potion of haste for 105 gold pieces
137469 | Vaults:5 | Bought a potion of heal wounds for 45 gold pieces
137469 | Vaults:5 | Bought a potion of restore abilities for 45 gold pieces
137469 | Vaults:5 | Bought a potion of curing for 30 gold pieces
137469 | Vaults:5 | Bought a potion of cancellation for 82 gold pieces
137469 | Vaults:5 | Bought a potion of curing for 30 gold pieces
137472 | Vaults:5 | Found Ypics' Distillery.
137526 | Vaults:5 | Gained mutation: Your body is rapidly deteriorating. [mutagenic glow]
137622 | Vaults:5 | Found Uteimn's Antique Armour Shoppe.
137628 | Vaults:5 | Bought a potion of curing for 32 gold pieces
137628 | Vaults:5 | Bought a potion of curing for 32 gold pieces
137628 | Vaults:5 | Bought a potion of magic for 88 gold pieces
137628 | Vaults:5 | Bought a potion of agility for 40 gold pieces
137628 | Vaults:5 | Bought a potion of agility for 40 gold pieces
137628 | Vaults:5 | Bought a potion of cure mutation for 560 gold pieces
137628 | Vaults:5 | Bought a potion of agility for 40 gold pieces
137628 | Vaults:5 | Bought a potion of curing for 32 gold pieces
137628 | Vaults:5 | Bought a potion of agility for 40 gold pieces
137646 | Vaults:5 | Found Akhez's Gadget Shoppe.
137683 | Vaults:5 | Gained mutation: You are frail (-10% HP). [mutagenic glow]
137766 | Vaults:5 | Lost mutation: Your body is rapidly deteriorating. [mutagenic glow]
137830 | Vaults:5 | Got a silver rune of Zot
137876 | Vaults:5 | Found Skast's Distillery.
137885 | Vaults:5 | Bought a potion of heal wounds for 60 gold pieces
137885 | Vaults:5 | Bought a potion of agility for 50 gold pieces
137890 | Vaults:5 | Found Ypsemupe's Distillery.
137894 | Vaults:5 | Bought a potion of cancellation for 121 gold pieces
137894 | Vaults:5 | Bought a potion of curing for 44 gold pieces
137894 | Vaults:5 | Bought 2 potions of magic for 242 gold pieces
137894 | Vaults:5 | Bought a potion of haste for 154 gold pieces
137894 | Vaults:5 | Bought a potion of restore abilities for 66 gold pieces
137894 | Vaults:5 | Bought a potion of agility for 55 gold pieces
137894 | Vaults:5 | Bought a potion of agility for 55 gold pieces
137894 | Vaults:5 | Bought a potion of heal wounds for 66 gold pieces
137894 | Vaults:5 | Bought a potion of haste for 154 gold pieces
137894 | Vaults:5 | Bought a potion of curing for 44 gold pieces
137904 | Vaults:5 | Found Zehar's Distillery.
137915 | Vaults:5 | Bought a potion of restore abilities for 48 gold pieces
137915 | Vaults:5 | Bought a potion of curing for 32 gold pieces
137915 | Vaults:5 | Bought a potion of might for 40 gold pieces
137915 | Vaults:5 | Bought a potion of curing for 32 gold pieces
137921 | Vaults:5 | Found Kladdolla's Food Emporium.
137921 | Vaults:5 | Found Zug Naut's Food Shoppe.
137921 | Vaults:5 | Found Ynoacs' Magic Scroll Shop.
137921 | Vaults:5 | Noticed an ancient lich
137931 | Vaults:5 | Killed an ancient lich
137936 | Vaults:5 | Bought a bread ration for 60 gold pieces
137936 | Vaults:5 | Bought a bread ration for 60 gold pieces
137936 | Vaults:5 | Bought a bread ration for 60 gold pieces
137936 | Vaults:5 | Bought a bread ration for 60 gold pieces
137936 | Vaults:5 | Bought a meat ration for 60 gold pieces
137937 | Vaults:5 | Bought a royal jelly for 24 gold pieces
137937 | Vaults:5 | Bought a beef jerky for 18 gold pieces
137937 | Vaults:5 | Bought a beef jerky for 18 gold pieces
137943 | Vaults:5 | Bought a slice of pizza for 18 gold pieces
137943 | Vaults:5 | Bought a slice of pizza for 18 gold pieces
138079 | Vaults:5 | Bought a scroll of fog for 22 gold pieces
138080 | Vaults:5 | Bought a scroll of holy word for 82 gold pieces
138080 | Vaults:5 | Bought a scroll of recharging for 104 gold pieces
138080 | Vaults:5 | Bought a scroll of recharging for 104 gold pieces
138115 | Vaults:5 | Found Sapp's Magic Scroll Boutique.
138128 | Vaults:5 | Bought a scroll of blinking for 112 gold pieces
138130 | Vaults:5 | Lost mutation: You are clumsy. (Dex -2) [potion of cure mutation]
138130 | Vaults:5 | Lost mutation: You are frail (-10% HP). [potion of cure mutation]
138130 | Vaults:5 | Lost mutation: Your body is deteriorating. [potion of cure mutation]
138130 | Vaults:5 | Lost mutation: You can translocate small distances at will. [potion of cure mutation]
138187 | Vaults:5 | Bought a meat ration for 70 gold pieces
138187 | Vaults:5 | Bought a bread ration for 70 gold pieces
138187 | Vaults:5 | Bought a meat ration for 70 gold pieces
138187 | Vaults:5 | Bought a meat ration for 70 gold pieces
138187 | Vaults:5 | Bought a meat ration for 70 gold pieces
138187 | Vaults:5 | Bought a bread ration for 70 gold pieces
138187 | Vaults:5 | Bought a bread ration for 70 gold pieces
138187 | Vaults:5 | Bought a bread ration for 70 gold pieces
138202 | Vaults:5 | Found Jurr's Magic Scroll Emporium.
138208 | Vaults:5 | Bought a scroll of blinking for 97 gold pieces
138341 | Vaults:5 | Reached skill level 10 in Translocations
139023 | Hell     | Entered the Vestibule of Hell
139023 | Hell     | Noticed Geryon
139030 | Hell     | Killed Geryon
139158 | Hell     | Found a gateway to the Iron City of Dis.
139179 | Dis:1    | Entered Level 1 of the Iron City of Dis
139393 | Dis:3    | Gained mutation: You are weak. (Str -2) [mutagenic glow]
139466 | Dis:4    | Gained mutation: Your vision is a little blurry. [mutagenic glow]
139498 | Dis:4    | Gained mutation: You are clumsy. (Dex -2) [mutagenic glow]
139539 | Dis:4    | Gained mutation: You occasionally shout uncontrollably at your foes. [mutagenic glow]
139686 | Dis:5    | Gained mutation: You tend to lose your temper in combat. [mutagenic glow]
139734 | Dis:5    | Gained mutation: Your vision is quite blurry. [mutagenic glow]
139824 | Dis:6    | Lost mutation: Your body is slowly deteriorating. [potion of cure mutation]
139824 | Dis:6    | Lost mutation: Your vision is quite blurry. [potion of cure mutation]
139824 | Dis:6    | Lost mutation: You are clumsy. (Dex -2) [potion of cure mutation]
139824 | Dis:6    | Lost mutation: Your vision is a little blurry. [potion of cure mutation]
139824 | Dis:6    | Lost mutation: You heal slowly when monsters are visible. [potion of cure mutation]
139950 | Dis:7    | Entered Level 7 of the Iron City of Dis
140037 | Dis:7    | Gained mutation: Your body is slowly deteriorating. [mutagenic glow]
140114 | Dis:7    | Gained mutation: Your body is deteriorating. [mutagenic glow]
140184 | Dis:7    | Gained mutation: You have difficulty communicating with the divine. [mutagenic glow]
140192 | Dis:7    | Noticed Dispater
140241 | Dis:7    | Gained mutation: You sometimes yell uncontrollably at your foes. [mutagenic glow]
140284 | Dis:7    | Gained mutation: You are clumsy. (Dex -2) [mutagenic glow]
140310 | Dis:7    | Identified the +1 pair of boots of Qumesi {Slay+4 Stlth-}
140330 | Dis:7    | Killed Dispater
140390 | Dis:7    | Got an iron rune of Zot
140405 | Dis:7    | Cast into the Abyss (reaper)
140430 | Dis:7    | Escaped the Abyss
140439 | Dis:7    | Gained mutation: You frequently scream uncontrollably at your foes. [mutagenic glow]
140496 | Hell     | Gained mutation: You are dopey. (Int -2) [mutagenic glow]
140728 | Hell     | Noticed Murray
140733 | Hell     | Killed Murray
140791 | Hell     | Found a gateway to the freezing wastes of Cocytus.
140876 | Coc:1    | Entered Level 1 of Cocytus
140985 | Coc:5    | Gained mutation: You are very clumsy. (Dex -4) [mutagenic glow]
141023 | Coc:7    | Entered Level 7 of Cocytus
141236 | Coc:7    | Noticed the Serpent of Hell
141255 | Coc:7    | Killed the Serpent of Hell
141429 | Coc:7    | Gained mutation: Your magical capacity is low (-10% MP). [mutagenic glow]
141462 | Coc:7    | Noticed Antaeus
141513 | Coc:7    | Killed Antaeus
141524 | Coc:7    | Gained mutation: Your vision is a little blurry. [mutagenic glow]
141570 | Coc:7    | Got an icy rune of Zot
141904 | Hell     | Found a gateway to the decaying netherworld of Tartarus.
141920 | Tar:1    | Entered Level 1 of Tartarus
142175 | Tar:4    | Gained mutation: You are frail (-10% HP). [mutagenic glow]
142279 | Tar:6    | Gained mutation: You heal slowly when monsters are visible. [mutagenic glow]
142344 | Tar:7    | Entered Level 7 of Tartarus
142347 | Tar:7    | Gained mutation: Your body is rapidly deteriorating. [mutagenic glow]
142413 | Tar:7    | Gained mutation: Your spells are a little easier to cast, but a little less powerful. [mutagenic glow]
142417 | Tar:7    | Noticed an ancient lich
142417 | Tar:7    | Noticed an ancient lich
142479 | Tar:7    | Gained mutation: You do not heal naturally when monsters are visible. [mutagenic glow]
142632 | Tar:7    | Gained mutation: Your spells are easier to cast, but less powerful. [mutagenic glow]
142673 | Tar:7    | Gained mutation: Your vision is quite blurry. [mutagenic glow]
142705 | Tar:7    | Gained mutation: You are very dopey. (Int -4) [mutagenic glow]
142835 | Tar:7    | Noticed Ereshkigal
142851 | Tar:7    | Killed Ereshkigal
142864 | Tar:7    | Got a bone rune of Zot
142940 | Hell     | Lost mutation: You are very clumsy. (Dex -4) [potion of cure mutation]
142940 | Hell     | Lost mutation: You are frail (-10% HP). [potion of cure mutation]
142940 | Hell     | Lost mutation: You have difficulty communicating with the divine. [potion of cure mutation]
142940 | Hell     | Lost mutation: Your body is rapidly deteriorating. [potion of cure mutation]
142940 | Hell     | Lost mutation: Your magical capacity is low (-10% MP). [potion of cure mutation]
142941 | Hell     | Lost mutation: You tend to lose your temper in combat. [potion of cure mutation]
142941 | Hell     | Lost mutation: Your vision is quite blurry. [potion of cure mutation]
142941 | Hell     | Lost mutation: Your spells are easier to cast, but less powerful. [potion of cure mutation]
142941 | Hell     | Lost mutation: You are very dopey. (Int -4) [potion of cure mutation]
142943 | Hell     | Lost mutation: Your spells are a little easier to cast, but a little less powerful. [potion of cure mutation]
142943 | Hell     | Lost mutation: You are dopey. (Int -2) [potion of cure mutation]
142943 | Hell     | Lost mutation: You are weak. (Str -2) [potion of cure mutation]
142943 | Hell     | Lost mutation: You are clumsy. (Dex -2) [potion of cure mutation]
142983 | Hell     | Found a gateway to the ashen valley of Gehenna.
143242 | Geh:1    | Entered Level 1 of Gehenna
143406 | Geh:7    | Entered Level 7 of Gehenna
143419 | Geh:7    | Gained mutation: Your magical capacity is low (-10% MP). [mutagenic glow]
143563 | Geh:7    | Gained mutation: Your spells are a little easier to cast, but a little less powerful. [mutagenic glow]
143637 | Geh:7    | Lost mutation: Your spells are a little easier to cast, but a little less powerful. [mutagenic glow]
143692 | Geh:7    | Gained mutation: Your magical capacity is very low (-20% MP). [mutagenic glow]
143975 | Geh:7    | Gained mutation: Your spells are a little easier to cast, but a little less powerful. [mutagenic glow]
143993 | Geh:7    | Noticed Asmodeus
144019 | Geh:7    | Identified the amulet of Ephemeral Luck {rCorr Str+2 Int+3}
144020 | Geh:7    | Got an obsidian rune of Zot
144048 | Geh:7    | Killed Asmodeus
144075 | Geh:7    | Gained mutation: Your vision is quite blurry. [mutagenic glow]
144144 | Geh:7    | Gained mutation: You tend to lose your temper in combat. [mutagenic glow]
145720 | Tomb:1   | Entered Level 1 of the Tomb of the Ancients
150792 | Tomb:1   | Gained mutation: You do not heal naturally. [mutagenic glow]
151590 | Vaults:5 | Bought a potion of cure mutation for 560 gold pieces
151594 | Vaults:5 | Lost mutation: Your body is deteriorating. [potion of cure mutation]
151594 | Vaults:5 | Lost mutation: Your vision is quite blurry. [potion of cure mutation]
151594 | Vaults:5 | Lost mutation: Your magical capacity is very low (-20% MP). [potion of cure mutation]
152311 | Tomb:3   | Entered Level 3 of the Tomb of the Ancients
152326 | Tomb:3   | Noticed Khufu
152336 | Tomb:3   | Got a golden rune of Zot
153257 | Zot:5    | Noticed an ancient lich
153260 | Zot:5    | Noticed an orb of fire
153261 | Zot:5    | Gained mutation: You often lose your temper in combat. [an orb of fire]
153273 | Zot:5    | Killed an orb of fire
153274 | Zot:5    | Noticed an orb of fire
153296 | Zot:5    | Gained mutation: Your magical capacity is very low (-20% MP). [an orb of fire]
153302 | Zot:5    | Gained mutation: You are weak. (Str -2) [an orb of fire]
153303 | Zot:5    | Killed an orb of fire
153359 | Zot:5    | Noticed an orb of fire
153365 | Zot:5    | Gained mutation: You are dopey. (Int -2) [an orb of fire]
153367 | Zot:5    | Killed an orb of fire
153471 | Zot:5    | Gained mutation: Your vision is quite blurry. [mutagenic glow]
153491 | Zot:5    | Killed an ancient lich
153507 | Zot:5    | Noticed an orb of fire
153507 | Zot:5    | Lost mutation: Your spells are a little easier to cast, but a little less powerful. [mutagenic glow]
153523 | Zot:5    | Killed an orb of fire
153580 | Zot:5    | Gained mutation: You are very weak. (Str -4) [mutagenic glow]
153617 | Zot:5    | Got the Orb of Zot
153745 | Depths:5 | Gained mutation: You have an uncontrollable temper. [mutagenic glow]
153849 | Depths:2 | Gained mutation: You are clumsy. (Dex -2) [mutagenic glow]
153892 | Depths:1 | Gained mutation: You are frail (-10% HP). [mutagenic glow]
153937 | D:14     | Gained mutation: You are very frail (-20% HP). [mutagenic glow]
153944 | D:14     | Noticed Twebuih the pandemonium lord
154039 | D:10     | Gained mutation: You are very clumsy. (Dex -4) [mutagenic glow]
154109 | D:6      | Gained mutation: Your body is deteriorating. [mutagenic glow]
154156 | D:5      | Gained mutation: You are extremely frail (-30% HP). [mutagenic glow]
154224 | D:2      | Lost mutation: You do not heal naturally. [mutagenic glow]
154253 | D:1      | Gained mutation: You are very dopey. (Int -4) [mutagenic glow]
154286 | D:$      | Escaped with the Orb!

Action                   |  1- 3 |  4- 6 |  7- 9 | 10-12 | 13-15 | 16-18 | 19-21 | 22-24 | 25-27 || total
-------------------------+-------+-------+-------+-------+-------+-------+-------+-------+-------++-------
Melee: Trident           |    97 |   179 |   478 |  1173 |       |       |       |       |       ||  1927
       Spear             |       |       |     5 |       |       |       |       |       |       ||     5
       Halberd           |       |       |       |    91 |       |       |       |       |       ||    91
       Glaive            |       |       |       |    32 |  1981 |   230 |       |       |       ||  2243
       Unarmed           |       |       |       |       |       |     2 |       |       |       ||     2
       Arbalest          |       |       |       |       |       |       |     1 |       |       ||     1
       Bardiche          |       |       |       |       |       |       |       |       |  1602 ||  1602
       Triple crossbow   |       |       |       |       |       |       |       |       |     4 ||     4
 Fire: Blowgun           |       |       |       |    35 |       |       |       |       |       ||    35
       Arbalest          |       |       |       |       |       |  1733 |  1928 |  1489 |       ||  5150
       Triple crossbow   |       |       |       |       |       |       |       |   465 |  5287 ||  5752
 Cast: Blink             |       |       |       |       |       |     6 |     3 |     1 |     8 ||    18
       Apportation       |       |       |       |       |       |     1 |       |    51 |   178 ||   230
       Portal Projectile |       |       |       |       |       |       |    83 |    87 |   140 ||   310
       Summon Butterflie |       |       |       |       |       |       |    38 |     2 |     5 ||    45
       Shroud of Golubri |       |       |       |       |       |       |     3 |    12 |     8 ||    23
       Teleport Other    |       |       |       |       |       |       |     1 |       |       ||     1
       Repel Missiles    |       |       |       |       |       |       |     5 |     5 |     1 ||    11
       Haste             |       |       |       |       |       |       |     3 |    25 |   213 ||   241
       Summon Mana Viper |       |       |       |       |       |       |       |     1 |       ||     1
       Flight            |       |       |       |       |       |       |       |       |    21 ||    21
       Control Teleport  |       |       |       |       |       |       |       |       |    13 ||    13
       Passage of Golubr |       |       |       |       |       |       |       |       |     1 ||     1
       Deflect Missiles  |       |       |       |       |       |       |       |       |    27 ||    27
       Dispersal         |       |       |       |       |       |       |       |       |    12 ||    12
       Freezing Cloud    |       |       |       |       |       |       |       |       |     9 ||     9
       Call Imp          |       |       |       |       |       |       |       |       |     4 ||     4
Invok: Scrying           |       |       |       |       |     1 |     2 |     1 |       |    18 ||    22
       Transfer Knowledg |       |       |       |       |       |     1 |       |     1 |       ||     2
 Abil: Evoke Invisibilit |       |       |       |     6 |     9 |     2 |     3 |     1 |       ||    21
       Blink             |       |       |       |       |       |     1 |     8 |       |       ||     9
       Evoke Flight      |       |       |       |       |       |       |     4 |     2 |       ||     6
Evoke: Wand              |       |     4 |     2 |    21 |    26 |    14 |     9 |     4 |    90 ||   170
       Stone of tremors  |       |       |       |       |     3 |     4 |     3 |     2 |     5 ||    17
       Lamp of fire      |       |       |       |       |     2 |     6 |     6 |     6 |    10 ||    30
       Sack of spiders   |       |       |       |       |       |       |    13 |     7 |     5 ||    25
       Phial of floods   |       |       |       |       |       |       |       |     4 |    11 ||    15
       Fan of gales      |       |       |       |       |       |       |       |       |     5 ||     5
       Disc of storms    |       |       |       |       |       |       |       |       |    10 ||    10
       Staff of Dispater |       |       |       |       |       |       |       |       |     2 ||     2
       Deck              |       |       |       |       |       |       |       |       |     1 ||     1
       Horn of Geryon    |       |       |       |       |       |       |       |       |     1 ||     1
  Use: Scroll            |     5 |     4 |    12 |    19 |    19 |    24 |    15 |    20 |   111 ||   229
       Potion            |     1 |       |     6 |    14 |     4 |    15 |     7 |     1 |    74 ||   122
 Stab: Invisible         |       |       |       |    16 |    27 |     2 |       |       |       ||    45
       Sleeping          |       |       |       |    10 |    79 |     2 |       |       |       ||    91
       Distracted        |       |       |       |     7 |    10 |       |       |       |     4 ||    21
       Fleeing           |       |       |       |       |     2 |       |       |       |       ||     2
       Confused          |       |       |       |       |     2 |       |       |       |       ||     2
       Paralysed         |       |       |       |       |     1 |       |       |       |       ||     1
  Eat: Chunk             |       |     3 |    11 |    32 |    46 |    23 |    29 |     8 |    14 ||   166
       Pizza             |       |       |       |     4 |       |       |       |     2 |     6 ||    12
       Royal jelly       |       |       |       |     1 |     1 |     9 |       |       |     3 ||    14
       Fruit             |       |       |       |       |    11 |     1 |     9 |       |    20 ||    41
       Bread ration      |       |       |       |       |       |     1 |       |       |    25 ||    26
       Beef jerky        |       |       |       |       |       |     1 |    20 |     1 |     7 ||    29
       Meat ration       |       |       |       |       |       |       |       |    10 |    32 ||    42
